 Dungeon Crawl Stone Soup version 0.27.1-3-gb3d3a73c9e (webtiles) character file.

Game seed: 5390859480710230487

38046 GameOver the Covert (level 14, -48/120 HPs)
             Began as a Naga Hedge Wizard on Oct 13, 2021.
             Was a High Priest of Kikubaaqudgha.
             Annihilated by an enormous slime creature (80 damage)
             ... on level 9 of the Dungeon on Oct 14, 2021.
             The game lasted 02:16:42 (12846 turns).

GameOver the Covert (Naga Hedge Wizard)            Turns: 12846, Time: 02:16:42

Health: -48/120    AC: 16    Str: 14    XL:     14   Next: 0%
Magic:  1/38       EV:  9    Int: 19    God:    Kikubaaqudgha [*****.]
Gold:   24         SH:  5    Dex: 10    Spells: 7/35 levels left

rFire    + . .     SeeInvis +   e - staff of conjuration
rCold    + . .     Faith    .   (no shield)
rNeg     + . .     Spirit   .   O - +3 leather armour {rC+}
rPois    +         Reflect  +   c - +2 helmet of Sounly Qanu {rN+ rCorr}
rElec    .         Harm     .   (no cloak)
rCorr    +         Rampage  .   L - +2 pair of gloves
Will     +....                  (no barding)
Stlth    +++++.....             X - amulet of reflection
HPRegen  0.30/turn              p - ring of magical power
MPRegen  0.26/turn              h - ring of protection from fire

@: very slow
A: AC +4, large, see invisible, deformed body, poison resistance, slowness 2,
spit poison 1, naga tail 2
a: Spit Poison, Renounce Religion, Receive Corpses, Torment


You were on level 9 of the Dungeon.
You worshipped Kikubaaqudgha.
Kikubaaqudgha was extremely pleased with you.
You visited 3 branches of the dungeon, and saw 16 of its levels.
You also visited: Volcano.

You collected 900 gold pieces.
You spent 876 gold pieces at shops.

Inventory:

Hand Weapons
 s - a +2 spear of venom
 w - a +2 whip of electrocution
Missiles
 C - 2 throwing nets
Armour
 c - the +2 helmet of Sounly Qanu (worn) {rN+ rCorr}
   (You found it on level 1 of the Lair of Beasts)

   rN:        It protects you from negative energy.
   rCorr:     It protects you from acid and corrosion.
 u - a +0 kite shield
 x - a scarf of harm
 E - +2 swamp dragon scales
 G - a +2 robe of resistance
 L - a +2 pair of gloves (worn)
 O - a +3 leather armour of cold resistance (worn)
 U - a +0 troll leather armour
Magical Staves
 e - a staff of conjuration (weapon)
 P - a staff of poison
Jewellery
 h - a ring of protection from fire (right hand)
 p - a ring of magical power (left hand)
 y - a ring of fire
 X - an amulet of reflection (around neck)
Wands
 a - a wand of flame (61)
 q - a wand of iceblast (26)
 v - a wand of mindburst (49)
 Z - a wand of paralysis (6)
Scrolls
 b - 3 scrolls of fear
 f - 10 scrolls of teleportation
 k - 2 scrolls of magic mapping
 o - a scroll of holy word {unknown}
 z - 4 scrolls of amnesia
 A - a scroll of fog {unknown}
 B - 2 scrolls of summoning
 D - 4 scrolls of blinking
 F - a scroll of vulnerability {unknown}
 H - 3 scrolls of immolation
 J - 3 scrolls of torment
 N - 5 scrolls of enchant weapon
 Q - a scroll of brand weapon
 Y - a scroll of enchant armour
Potions
 d - a potion of lignification
 g - 7 potions of heal wounds
 i - 3 potions of haste
 j - 2 potions of might
 l - 2 potions of attraction
 m - a potion of flight {unknown}
 n - 3 potions of brilliance
 t - 2 potions of cancellation
 I - a potion of magic
 K - a potion of berserk rage {unknown}
 M - 3 potions of ambrosia
 S - 4 potions of curing
 T - 3 potions of mutation
 V - a potion of invisibility
Miscellaneous
 R - a piece from Xom's chessboard (15/15)


   Skills:
 - Level 6.0 Fighting
 - Level 5.0 Armour
 - Level 1.5 Dodging
 + Level 12.3 Stealth
 * Level 11.1 Spellcasting
 * Level 9.6 Conjurations
 - Level 1.0 Summonings
 + Level 8.8 Necromancy
 - Level 3.0 Translocations
 - Level 9.0 Earth Magic
 - Level 9.0 Poison Magic


You had 7 spell levels left.
You knew the following spells:

 Your Spells              Type           Power      Damage    Failure   Level
a - Magic Dart            Conj           100%       1d8       1%          1
b - Blink                 Tloc           N/A        N/A       3%          2
c - Dispel Undead         Necr           43%        3d17      2%          4
d - Mephitic Cloud        Conj/Pois/Air  50%        N/A       1%          3
f - Borgnjor's Vile Clut  Necr/Erth      22%        N/A       6%          5
q - Animate Dead          Necr           21%        N/A       2%          4
s - Stone Arrow           Conj/Erth      100%       3d13      1%          3
z - Apportation           Tloc           42%        N/A       2%          1
C - Lee's Rapid Deconstr  Erth           22%        3d13*     5%          5

Your spell library contained the following spells:

 Spells                   Type           Power      Damage    Failure   Level
 Animate Skeleton         Necr           86%        N/A       1%          1
 Pain                     Necr           100%       1d9       1%          1
 Sting                    Tmut/Pois      100%       1d8       1%          1
 Poisonous Vapours        Pois/Air       54%        N/A       1%          2
 Searing Ray              Conj           100%       3d7       1%          2
 Static Discharge         Conj/Air       43%        N/A       1%          2
 Sublimation of Blood     Necr           21%        N/A       1%          2
 Vampiric Draining        Necr           21%        2d9       1%          3
 Olgreb's Toxic Radiance  Pois           44%        N/A       1%          4
 Conjure Flame            Conj/Fire      43%        6-21      3%          3
 Summon Small Mammal      Summ           56%        N/A       5%          1
 Iskenderun's Mystic Bla  Conj/Tloc      51%        2d11      6%          4
 Agony                    Necr           43%        N/A       6%          5
 Excruciating Wounds      Necr           21%        N/A       6%          5
 Corona                   Hex            11%        N/A       9%          1
 Call Imp                 Summ           14%        N/A       9%          2
 Animate Armour           Summ/Erth      58%        N/A       11%         4
 Fulminant Prism          Conj/Hex       21%        3d13      11%         4
 Sticky Flame             Conj/Fire      43%        2d6       11%         4
 Ensorcelled Hibernation  Hex/Ice        20%        N/A       12%         2
 Slow                     Hex            10%        N/A       12%         2
 Bolt of Magma            Conj/Fire/Erth 25%        4d12      17%         5
 Summon Guardian Golem    Hex/Summ       12%        N/A       21%         3
 Tukima's Dance           Hex            10%        N/A       24%         3
 Lightning Bolt           Conj/Air       21%        1d36      30%         5
 Alistair's Intoxication  Tmut/Pois      18%        N/A       34%         5
 Summon Forest            Summ/Tloc      9%         N/A       69%         5
 Orb of Destruction       Conj           31%        9d12      78%         7
 Summon Mana Viper        Hex/Summ       12%        N/A       88%         5
 Eringya's Noxious Bog    Tmut/Pois      13%        N/A       89%         6
 Simulacrum               Ice/Necr       13%        N/A       90%         6
 Shadow Creatures         Summ           N/A        N/A       100%        6
 Spellforged Servitor     Conj/Summ      23%        N/A       100%        7
 Lehudib's Crystal Spear  Conj/Erth      31%        10d8      100%        8
 Maxwell's Capacitive Co  Air            5%         ∞         100%        8
 Death's Door             Necr           21%        N/A       100%        9
 Shatter                  Erth           22%        3d19*     100%        9


Dungeon Overview and Level Annotations

Branches:
Dungeon (10/15)            Temple (1/1) D:5            Lair (5/6) D:10
 Shoals (0/4) Lair:3        Snake (0/4) Lair:4        Slime (0/5) Lair:5
    Orc (0/2) D:9         Volcano (visited)

Altars:
Ashenzari
Cheibriados
Dithmenos
Elyvilon
Fedhas
Gozag
Hepliaklqana
Kikubaaqudgha
Makhleb
Nemelex Xobeh
Okawaru
Qazlal
Ru
Sif Muna
Trog
Uskayaw
Vehumet
Wu Jian
Xom
Yredelemnul
Zin
The Shining One
Jiyva

Shops:
D:1 =!*[

Annotations:
D:9 1 transporter


Innate Abilities, Weirdness & Mutations

Your serpentine skin is tough. (AC +4)
You have supernaturally acute eyesight. (SInv)
Armour fits poorly on your strangely shaped body.
Your system is resistant to poisons. (rPois)
You cover ground very slowly.
You can spit poison.
You can use your snake-like lower body to constrict enemies.


Message History

Unknown command.
You hit the large slime creature.
The large slime creature is almost dead.
Two slime creatures merge to form a very large slime creature.
The slime creature hits you!
Two slime creatures merge to form an enormous slime creature.
Unknown command.
Your +2 whip of electrocution stops crackling.
e - a staff of conjuration (weapon)
You block the enormous slime creature's attack.
The slime creature hits you but does no damage.
Casting: Stone Arrow (safe; 1% risk of failure)
Confirm with . or Enter, or press ? or * to list all spells.
Aiming: Stone Arrow (safe; 1% risk of failure)
Press: ? - help, Shift-Dir - straight line, f - enormous slime creature
Aim: an enormous slime creature (severely wounded, 95% to hit)
You feel a surge of power!
The stone arrow hits the enormous slime creature!!
The enormous slime creature is almost dead.
The enormous slime creature hits you!!
* * * LOW HITPOINT WARNING * * *
The slime creature hits you but does no damage.
Unknown command.
Unknown command.
Unknown command.
Unknown command.
Unknown command.
Unknown command.
Casting: Stone Arrow (safe; 1% risk of failure)
Confirm with . or Enter, or press ? or * to list all spells.
Aiming: Stone Arrow (safe; 1% risk of failure)
Press: ? - help, Shift-Dir - straight line, f/p - enormous slime creature
Aim: an enormous slime creature (almost dead, 95% to hit)
You feel a surge of power!
The stone arrow hits the enormous slime creature!!
The enormous slime creature is almost dead.
The enormous slime creature hits you!!!!
Ouch! That really hurt!
You die...
Kikubaaqudgha rasps: "You have failed me!
Welcome... death!"

.........###.###.##..#.......#
.........##..#©#.$####.......#
.........#.?......=#.........#
.........###.....###.....###.#
###.....©##..._...##©....# #.#
..#......###.....###.....# #.#
..'......#[........#.....# #.#
..#......##..#.#JJ####...# #.#
..##########©###@## #...# #.#
..).......############...###.#
..........#....#.............#
..........#....#.............#
..........#....#..#..........#
...####...#....#..#..........##
..........'....#..#......##...##
..#######[######..#............#
..#......)..........†#####.....#


You could see an enormous slime creature and a slime creature.

Vanquished Creatures
  A boulder beetle (D:9)
  A hydra (Lair:4)
  6 two-headed ogres (D:10)
  Urug (Lair:2)
  2 salamander mystics (Volcano)
  A wizard (Volcano)
  Pikel (D:6)
  A deep elf pyromancer (Volcano)
  An orc knight (Volcano)
  2 manticores (D:9)
  4 cyclopes
  5 black mambas
  3 salamanders (Volcano)
  A guardian serpent (Lair:5)
  2 molten gargoyles (Volcano)
  6 elephants (Lair:3)
  3 gargoyles
  10 cane toads
  Maggie (D:6)
  2 rime drakes
  20 komodo dragons
  The ghost of CuBeRJAN3 the Magician, a novice DEFE (D:4)
  Grinder (D:6)
  2 trolls (D:10)
  7 blink frogs
  25 yaks
  3 wyverns
  A wraith (D:9)
  A vampire (D:10)
  A steam dragon (D:8)
  A warg (D:9)
  Duvessa (D:7)
  10 water moccasins
  3 orc warriors
  An ice beast (D:4)
  2 sky beasts (D:6)
  4 black bears (D:10)
  2 ogres
  A wolf (Lair:2)
  2 centaurs
  The ghost of qipq the Firebug, an amateur OpFE (D:3)
  5 kobold brigands
  12 bullfrogs
  3 gnoll sergeants
  2 scorpions
  A water moccasin zombie (D:5)
  Dowan (D:7)
  7 killer bees
  A howler monkey (D:7)
  17 wights
  4 electric eels (Lair:3)
  2 bullfrog zombies (D:7)
  3 centaur zombies
  A hound (D:4)
  An orc priest (D:5)
  A water moccasin simulacrum (D:4)
  A bullfrog skeleton (D:6)
  2 centaur skeletons
  Ijyb (D:3)
  Natasha (thrice) (D:3)
  Terence (D:3)
  7 hell rats (Lair:2)
  3 iguanas
  4 orc wizards
  A killer bee zombie (D:8)
  A bullfrog simulacrum (D:4)
  A hound skeleton (D:5)
  A howler monkey skeleton (D:4)
  4 adders
  17 gnolls
  A hound simulacrum (D:4)
  A howler monkey simulacrum (D:4)
  A white imp (D:7)
  An adder skeleton (D:4)
  A worm (D:3)
  2 dart slugs
  An adder simulacrum (D:4)
  17 orcs
  3 ball pythons
  6 endoplasms
  4 giant cockroaches
  2 goblins
  6 hobgoblins
  4 jackals (D:2)
  29 kobolds
  A quokka (D:4)
  5 bats
  3 rats
340 creatures vanquished.

Vanquished Creatures (collateral kills)
  2 komodo dragons (Lair:2)
  5 yaks
  A black bear (Lair:2)
  A centaur (Lair:3)
  A bullfrog (Lair:3)
  A killer bee (D:10)
  A kobold (D:9)
12 creatures vanquished.

Vanquished Creatures (others)
  65 fungi
  82 plants
147 creatures vanquished.

Grand Total: 499 creatures vanquished

Notes
Turn   | Place    | Note
-------+----------+-------------------------------------------
     0 | D:1      | GameOver the Naga Hedge Wizard began the quest for the Orb.
     0 | D:1      | Reached XP level 1. HP: 15/15 MP: 4/4
    93 | D:1      | Found Pellux Warph's Distillery.
    97 | D:1      | Found Vymicim's Jewellery Boutique.
   127 | D:1      | Reached XP level 2. HP: 22/22 MP: 3/6
   215 | D:1      | Found a faded altar of an unknown god.
   229 | D:1      | Found Buodudgh's Antique Armour Boutique.
   428 | D:1      | Found Alataext's General Store.
   437 | D:1      | Bought a scroll of identify for 20 gold pieces
   437 | D:1      | Bought a scroll of magic mapping for 35 gold pieces
   874 | D:2      | Reached XP level 3. HP: 20/28 MP: 1/7
   877 | D:2      | Learned a level 2 spell: Blink
   881 | D:2      | Learned a level 3 spell: Mephitic Cloud
   925 | D:2      | Reached XP level 4. HP: 21/36 MP: 3/8
  1146 | D:2      | Reached XP level 5. HP: 37/42 MP: 3/9
  1338 | D:3      | Learned a level 3 spell: Stone Arrow
  1382 | D:3      | Noticed Ijyb
  1394 | D:3      | You fall into a shaft and drop 2 floors!
  1394 | D:5      | Entered Level 5 of the Dungeon
  1394 | D:5      | Found a staircase to the Ecumenical Temple.
  1404 | D:5      | Reached skill level 5 in Conjurations
  1418 | Temple   | Entered the Ecumenical Temple
  1427 | Temple   | Became a worshipper of Kikubaaqudgha
  1622 | D:5      | Noticed an ogre
  1651 | D:5      | Reached skill level 1 in Poison Magic
  1651 | D:5      | Reached XP level 6. HP: 26/49 MP: 0/10
  1779 | D:3      | Found a blossoming altar of Fedhas.
  1883 | D:3      | Noticed Natasha
  1885 | D:3      | Noticed Terence
  1895 | D:3      | Killed Natasha
  1974 | D:3      | Found a runed translucent gate.
  1975 | D:3      | Found a runed translucent gate.
  1976 | D:3      | Found a runed translucent gate.
  1976 | D:3      | Noticed qipq's ghost (amateur OpFE)
  1997 | D:3      | Noticed Natasha
  2008 | D:3      | Killed Natasha
  2102 | D:3      | Killed Ijyb
  2103 | D:3      | Reached skill level 4 in Stealth
  2164 | D:3      | Killed Terence
  2177 | D:3      | Noticed Natasha
  2185 | D:3      | Killed Natasha
  2305 | D:3      | Reached XP level 7. HP: 27/55 MP: 11/11
  2314 | D:3      | Killed qipq's ghost
  2315 | D:3      | Reached skill level 1 in Earth Magic
  2362 | D:4      | Found a runed translucent gate.
  2362 | D:4      | Found a runed translucent gate.
  2362 | D:4      | Found a runed translucent gate.
  2468 | D:4      | Reached * piety under Kikubaaqudgha
  2468 | D:4      | Received a gift from Kikubaaqudgha
  2517 | D:4      | Reached skill level 5 in Stealth
  2674 | D:4      | Found a glowing golden altar of the Shining One.
  2718 | D:4      | Noticed CuBeRJAN3's ghost (novice DEFE)
  2745 | D:4      | You fall into a shaft and drop 3 floors!
  2805 | D:7      | Reached skill level 5 in Poison Magic
  2819 | D:7      | Reached XP level 8. HP: 40/62 MP: 11/12
  2916 | D:7      | Reached skill level 6 in Stealth
  2969 | D:6      | Noticed Grinder
  3153 | D:6      | Killed Grinder
  3154 | D:6      | Reached skill level 7 in Stealth
  3262 | D:6      | Noticed Maggie
  3269 | D:6      | Killed Maggie
  3270 | D:6      | Reached skill level 5 in Earth Magic
  3270 | D:6      | Reached XP level 9. HP: 56/68 MP: 7/13
  3414 | D:5      | Reached skill level 8 in Stealth
  3462 | D:5      | Found a faded altar of an unknown god.
  3462 | D:5      | Found a hazy altar of Hepliaklqana.
  3468 | D:5      | Found a basalt altar of Yredelemnul.
  3470 | D:5      | Found a shimmering blue altar of Sif Muna.
  3472 | D:5      | Found a faded altar of an unknown god.
  3586 | D:6      | Noticed Pikel
  3600 | D:6      | Killed Pikel
  3664 | D:6      | Found a stormy altar of Qazlal.
  3771 | D:6      | Found an ornate altar of the Wu Jian Council.
  3774 | D:6      | Found a bloodstained altar of Trog.
  3781 | D:6      | Found a shadowy altar of Dithmenos.
  3886 | D:1      | Bought a scroll of fear for 35 gold pieces
  3886 | D:1      | Bought a scroll of blinking for 75 gold pieces
  3886 | D:1      | Bought a scroll of immolation for 35 gold pieces
  3886 | D:1      | Bought a potion of magic for 80 gold pieces
  3912 | D:1      | Bought a potion of attraction for 36 gold pieces
  4075 | D:7      | Noticed Dowan
  4076 | D:7      | Noticed Duvessa
  4085 | D:7      | Killed Dowan
  4086 | D:7      | Reached skill level 9 in Stealth
  4111 | D:7      | Killed Duvessa
  4251 | D:7      | Reached ** piety under Kikubaaqudgha
  4857 | D:8      | Reached XP level 10. HP: 72/75 MP: 11/16
  5315 | D:9      | Found a staircase to the Orcish Mines.
  5334 | D:9      | Reached skill level 5 in Spellcasting
  5372 | D:9      | Noticed a cyclops
  5444 | D:9      | Noticed a manticore
  5505 | D:9      | Noticed a boulder beetle
  5506 | D:9      | Killed a cyclops
  5853 | D:9      | Reached *** piety under Kikubaaqudgha
  5853 | D:9      | Received a gift from Kikubaaqudgha
  5935 | D:9      | Found a transporter.
  5935 | D:9      | Noticed a manticore
  5958 | D:9      | Killed a manticore
  5959 | D:9      | Reached skill level 1 in Fighting
  5959 | D:9      | Reached skill level 1 in Necromancy
  5961 | D:9      | Learned a level 1 spell: Apportation
  5972 | D:9      | Found a viscous altar of Jiyva.
  6085 | D:9      | Killed a boulder beetle
  6096 | D:9      | Got the Almanac of Dark Rites
  6179 | D:9      | Killed a manticore
  6293 | D:10     | Entered Level 10 of the Dungeon
  6321 | D:10     | Reached XP level 11. HP: 88/88 MP: 21/21
  6404 | D:10     | Learned a level 4 spell: Dispel Undead
  6407 | D:10     | Noticed a two-headed ogre
  6409 | D:10     | Learned a level 4 spell: Animate Dead
  6417 | D:10     | Noticed a two-headed ogre
  6427 | D:10     | Killed a two-headed ogre
  6443 | D:10     | Killed a two-headed ogre
  6443 | D:10     | Noticed a two-headed ogre
  6483 | D:10     | Killed a two-headed ogre
  6513 | D:10     | Found a staircase to the Lair.
  7051 | D:10     | Noticed a two-headed ogre
  7059 | D:10     | Killed a two-headed ogre
  7059 | D:10     | Noticed a two-headed ogre
  7060 | D:10     | Reached skill level 5 in Fighting
  7083 | D:10     | Killed a two-headed ogre
  7084 | D:10     | Reached skill level 5 in Necromancy
  7149 | D:10     | Noticed a manticore
  7154 | D:10     | Noticed a manticore
  7162 | D:10     | Noticed a two-headed ogre
  7183 | D:10     | Killed a two-headed ogre
  7253 | Lair:1   | Entered Level 1 of the Lair of Beasts
  7270 | Lair:1   | Reached skill level 1 in Armour
  7322 | Lair:1   | Reached XP level 12. HP: 98/105 MP: 22/25
  7356 | Lair:1   | Identified the +2 helmet of Sounly Qanu {rN+ rCorr}
  7652 | Lair:1   | Reached **** piety under Kikubaaqudgha
  8189 | Lair:2   | Noticed Urug
  8212 | Lair:2   | Killed Urug
  8279 | Lair:2   | Reached skill level 5 in Armour
  8296 | Lair:2   | Found a dark tunnel.
  8419 | Volcano  | Entered a volcano
  8471 | Volcano  | Learned a level 5 spell: Lee's Rapid Deconstruction
  8612 | Volcano  | Reached skill level 10 in Stealth
  8833 | Volcano  | Noticed an orb of fire
  8853 | Volcano  | Gained mutation: You can use your snake-like lower body to
                  | constrict enemies. [Naga growth]
  8853 | Volcano  | Reached XP level 13. HP: 46/111 MP: 16/26
  9018 | Volcano  | Noticed an orb of fire
  9319 | Lair:2   | Reached skill level 11 in Stealth
  9326 | Lair:2   | Reached skill level 10 in Spellcasting
  9398 | Lair:2   | Reached ***** piety under Kikubaaqudgha
  9995 | Lair:3   | Found a staircase to the Shoals.
 10239 | Lair:3   | Learned a level 5 spell: Borgnjor's Vile Clutch
 11028 | Lair:4   | Found a staircase to the Snake Pit.
 11246 | Lair:4   | Identified the +8 trident of Tomorrow {antimagic, Fly
                  | rPois}
 11358 | Lair:5   | Reached skill level 12 in Stealth
 11881 | Lair:5   | Found a staircase to the Slime Pits.
 11881 | Lair:5   | Found a viscous altar of Jiyva.
 12467 | D:1      | Bought a potion of cancellation for 80 gold pieces
 12493 | D:1      | Bought a potion of ambrosia for 96 gold pieces
 12493 | D:1      | Bought a potion of mutation for 96 gold pieces
 12493 | D:1      | Bought a potion of haste for 120 gold pieces
 12493 | D:1      | Bought a potion of invisibility for 96 gold pieces
 12493 | D:1      | Bought a potion of curing for 36 gold pieces
 12493 | D:1      | Bought a potion of curing for 36 gold pieces
 12584 | D:4      | Killed CuBeRJAN3's ghost
 12585 | D:4      | Reached XP level 14. HP: 120/120 MP: 24/29
 12657 | D:4      | Found a burning altar of Makhleb.
 12822 | D:9      | Found a transporter.
 12830 | D:9      | Identified the ring of Joodoggigg {Int+6 Dex+6}
 12846 | D:9      | Annihilated by an enormous slime creature

Illustrated notes

Levels and vault maps discovered:
D:1:      dpeg_arrival_central, layout_basic, shapermc_ecumenical_altar_venn,
          serial_shops, shop, shop_fountains, nicolae_square_shop,
          nicolae_shop_trees
D:2:      layout_rooms
D:3:      layout_rooms, mainiacjoe_overflow_six_doors_small,
          gammafunk_ghost_nasty_kobolds, uniq_ijyb, uniq_terence, uniq_natasha
D:4:      layout_cave_pools, kennysheep_little_box, lemuel_round_altar,
          gammafunk_ghost_icy, mrwooster_statue_mirror
D:5:      layout_cave_pools, chequers_temple_overflow_minitemple,
          minmay_temple_entry_proselytizer
D:6:      layout_rooms, old_standard_altar, grunt_temple_overflow_diamond,
          serial_aquarium, aquarium_bridge_straight [aquarium_subvault_bridge,
          aquarium_subvault_balcony, aquarium_subvault_bridge,
          aquarium_subvault_balcony], aquarium_window_corner, aquarium_window_2,
          aquarium_window_2, aquarium_view_2c, aquarium_view_2d,
          aquarium_balcony_3a, aquarium_pool_2, uniq_maggie, uniq_grinder,
          uniq_pikel
D:7:      layout_loops_ring, uniq_duvessa
D:8:      layout_rooms
D:9:      gammafunk_jiyva_shrine, layout_stronghold, david_orc_3, minmay_radiant
D:10:     kennysheep_windowed_halls, layout_irregular_city,
          due_lair_maze_entry_diamond
Temple:   nicolae_temple_no_exploring_needed
Lair:1:   layout_chaotic_city, wad_woods_06, chequers_serial_rivers_small_a,
          hibernation_bobbens, lemuel_fruit_fields, grunt_megastairs_2
Lair:2:   layout_hall_layers, nicolae_volcano_entry_lava_flow,
          beast_lair_carwin_7, uniq_urug
Lair:3:   layout_hall_layers, minmay_shoals_entry_centaurs, serial_bayou_ford_a,
          beast_lair_carwin_11, grunt_megastairs_4, serial_bayou_shore_a,
          infiniplex_staircase_pool
Lair:4:   layout_big_grid, minmay_snake_entry_spellcaster,
          chequers_serial_rivers_small_b
Lair:5:   layout_regular_city, slime_altar_1, hangedman_lair_unloving_vines,
          serial_bayou_shore_b

Skill      XL: |  1  2  3  4  5  6  7  8  9 10 11 12 13 |
---------------+----------------------------------------+-----
Conjurations   | 2 3 4 5 6 7 9 |  9.6
Poison Magic   | 1 3 5 8 9 |  9.0
Stealth        | 4 5 7 9 10 12 | 12.3
Earth Magic    | 3 5 7 9 |  9.0
Translocations | 3 |  3.0
Spellcasting   | 4 6 9 11 | 11.1
Fighting       | 2 6 |  6.0
Necromancy     | 2 5 7 8 |  8.8
Armour         | 1 5 |  5.0
Dodging        | |  1.5
Summonings     | |  1.0

Action                   |  1- 3 |  4- 6 |  7- 9 | 10-12 | 13-15 || total
-------------------------+-------+-------+-------+-------+-------++-------
Melee: Spear             |       |    29 |     1 |       |       ||    30
       Whip              |       |       |    47 |   106 |   134 ||   287
       Staff             |       |       |       |     4 |     1 ||     5
       Constrict         |       |       |       |       |    14 ||    14
 Cast: Magic Dart        |    22 |    95 |    77 |    41 |    23 ||   258
       Mephitic Cloud    |       |    10 |    13 |    50 |    32 ||   105
       Stone Arrow       |       |       |    48 |   142 |   122 ||   312
       Blink             |       |       |     1 |     8 |    10 ||    19
       Animate Dead      |       |       |       |     7 |    18 ||    25
       Lee's Rapid Decon |       |       |       |     1 |       ||     1
       Dispel Undead     |       |       |       |       |     6 ||     6
       Apportation       |       |       |       |       |     1 ||     1
       Borgnjor's Vile C |       |       |       |       |     1 ||     1
 Abil: Spit Poison       |    20 |    59 |    43 |   117 |    60 ||   299
Evoke: Wand              |       |       |       |     7 |     4 ||    11
  Use: Potion            |       |     1 |     1 |     3 |     4 ||     9
       Scroll            |       |       |     5 |     4 |     4 ||    13
 Stab: Confused          |       |     1 |     3 |     7 |     6 ||    17
       Distracted        |       |       |       |     1 |     1 ||     2
       Sleeping          |       |       |       |       |     1 ||     1
Armor: Robe              |       |     6 |    19 |    53 |     3 ||    81
       Skin              |       |    17 |       |    11 |    24 ||    52
       Leather armour    |       |       |       |       |    85 ||    85
Dodge: Dodged            |     6 |    28 |    37 |    58 |    71 ||   200
Block: Other             |       |       |       |    10 |    40 ||    50
       Reflection        |       |       |       |     2 |       ||     2
